 Dungeon Crawl Stone Soup version 0.24-a0-7-g1bb0902669 (webtiles) character file.

Game seed: 1080957581559679633

195099 Maize the Warrior (level 17, -1/189 HPs)
             Began as a Minotaur Berserker on Jan 31, 2019.
             Was the Champion of Trog.
             Killed by the raging water
             ... invoked by a water nymph
              (9 damage)
             ... on level 2 of the Shoals.
             The game lasted 01:11:20 (38122 turns).

Maize the Warrior (Minotaur Berserker)             Turns: 38122, Time: 01:11:20

Health: -1/189     AC: 29    Str: 30    XL:     17   Next: 70%
Magic:  7/7        EV: 15    Int:  4    God:    Trog [******]
Gold:   364        SH:  0    Dex: 18    Spells: 16/16 levels left

rFire    . . .     SeeInvis .   Y - +8 executioner's axe (antimagic)
rCold    + + .     Gourm    +   (shield currently unavailable)
rNeg     . . .     Faith    .   V - +2 plate armour {rC+}
rPois    +         Spirit   .   a - +0 hat of Rinoe {MR+}
rElec    .         Reflect  .   H - scarf {repulsion}
rCorr    .         Harm     .   B - +2 pair of gloves {Str+3}
MR       ++++.                  q - +1 pair of boots of Zalakaba {Str+7}
Stlth    ..........             R - amulet "Kit Turu" {Gourm rPois rC- Str-5 Dex+8}
HPRegen  1.41/turn              i - ring "Nuhaan" {rC++ EV+2 Str-4}
MPRegen  0.10/turn              D - +3 ring of evasion

@: berserk cooldown, very slightly contaminated, regenerating, slowed, repel
missiles, very slow
A: retaliatory headbutt, horns 2, yellow scales 1, robust 1, evolution 1
}: 1/15 runes: serpentine
a: Berserk, Trog's Hand, Brothers in Arms, Renounce Religion


You were on level 2 of the Shoals.
You worshipped Trog.
Trog was exalted by your worship.
You were very full.

You visited 6 branches of the dungeon, and saw 30 of its levels.
You visited the Abyss 1 time.
You visited 1 bazaar.
You also visited: Gauntlet and Ice Cave.

You collected 3580 gold pieces.
You spent 3216 gold pieces at shops.

Inventory:

Hand Weapons
 Y - a +8 antimagic executioner's axe (weapon)
Armour
 a - the +0 hat of Rinoe (worn) {MR+}
   (You acquired it on level 1 of the Snake Pit)

   It affects your resistance to hostile enchantments.
 q - the +1 pair of boots of Zalakaba (worn) {Str+7}
   (You bought it in a shop in a bazaar)

   It affects your strength (+7).
 B - a +2 pair of gloves of strength (worn)
 H - a scarf of repulsion (worn)
 O - a +2 hat
 V - a +2 plate armour of cold resistance (worn)
Jewellery
 i - the ring "Nuhaan" (left hand) {rC++ EV+2 Str-4}
   (You bought it in a shop in a bazaar)

   [ring of evasion]

   It affects your evasion (+2).
   It affects your strength (-4).
   It greatly protects you from cold.
 v - an uncursed ring of resist corrosion
 x - an uncursed ring of protection from cold
 D - a +3 ring of evasion (right hand)
 R - the amulet "Kit Turu" (around neck) {Gourm rPois rC- Str-5 Dex+8}
   (You found it in a Gauntlet)

   [amulet of the gourmand]

   It allows you to eat raw meat even when not hungry.
   It affects your strength (-5).
   It affects your dexterity (+8).
   It makes you vulnerable to cold.
   It protects you from poison.
 T - a +3 amulet of reflection
Wands
 s - a wand of paralysis (34)
 y - a wand of scattershot (6)
 I - a wand of polymorph (18)
 J - a wand of acid (7)
 K - a wand of iceblast (22)
 L - a wand of enslavement (11)
 M - a wand of clouds (6)
 N - a wand of flame (112)
 Z - a wand of digging (6)
Scrolls
 f - 3 scrolls of fear
 h - 12 scrolls of fog
 j - 10 scrolls of teleportation
 o - 7 scrolls of magic mapping
 p - 5 scrolls of enchant armour
 r - a scroll of brand weapon
 u - 12 scrolls of remove curse
 z - 4 scrolls of enchant weapon
 A - 2 scrolls of noise
 Q - a scroll of silence {unknown}
 S - 2 scrolls of blinking
 W - a scroll of summoning
Potions
 b - 8 potions of heal wounds
 d - 5 potions of haste
 e - a potion of ambrosia
 g - a potion of agility
 k - a potion of magic
 l - 2 potions of resistance
 m - 7 potions of flight
 n - 3 potions of brilliance
 t - a potion of cancellation
 w - 11 potions of curing
 G - 2 potions of lignification
 P - 5 potions of might
 U - a potion of invisibility
 X - 3 potions of mutation
Miscellaneous
 E - a fan of gales
 F - a box of beasts
Comestibles
 c - 45 rations


   Skills:
 + Level 20.7 Fighting
 * Level 20.6 Axes
 + Level 18.6 Armour
 - Level 2.4 Dodging
 + Level 9.7 Evocations


You had 16 spell levels left.
You didn't know any spells.
Your spell library was empty.

Dungeon Overview and Level Annotations

Branches:
Dungeon (15/15)            Temple (1/1) D:6            Lair (6/6) D:11
 Shoals (2/4) Lair:3        Snake (4/4) Lair:4        Slime (0/5) Lair:5
    Orc (2/2) D:11            Elf (0/3) Orc:2        Vaults (0/5) D:13
 Depths (0/5) D:15

Altars:
Hepliaklqana
Kikubaaqudgha
Makhleb
Sif Muna
Trog
Vehumet
Yredelemnul
The Shining One
Beogh

Shops:
D:6 =   D:14 [   Orc:2 %*?}*   Snake:1 }}!*%   Snake:2 *}%

Portals:
Hell: Lair:6


Innate Abilities, Weirdness & Mutations

You reflexively headbutt those who attack you in melee.
You have a pair of horns on your head.
You are partially covered in yellow scales. (AC +2)
You are robust. (+10% HP)
You evolve.


Message History

The water swirls and strikes you!
* * * LOW HITPOINT WARNING * * *
The merfolk javelineer hits you but does no damage.
Blink to where?
Press: ? - help, Dir - move target cursor Splash!
You are very lightly contaminated with residual magic.
As you read the scroll of blinking, it crumbles to dust.
The water nymph casts a spell at you. The water swirls and strikes you!
Okay, then.
Your skin crawls.
You feel resistant to hostile enchantments.
You feel somewhat less full. The merfolk misses you.
Your iron troll goes berserk!
You feel quite a bit less full.
The merfolk javelineer completely misses your iron troll.
The water nymph casts a spell at you. The water swirls and strikes you!
You die...

≈≈≈≈≈≈((≈≈(††≈≈≈≈≈≈
≈≈≈≈≈≈(≈((≈((≈≈....#
≈≈≈≈≈≈≈≈(≈≈≈≈.≈.##.##
≈≈≈≈≈≈≈≈≈m≈≈≈........
≈≈≈≈≈≈≈≈≈≈≈≈≈≈≈......
≈≈≈≈≈≈≈≈≈≈≈≈m≈≈≈≈≈.≈≈
≈≈≈≈≈≈≈≈≈≈≈≈mT≈≈≈≈≈≈≈
≈≈≈≈≈≈≈≈≈≈≈≈≈≈≈≈≈≈≈≈≈
≈≈≈≈≈≈≈≈≈≈≈≈≈@≈≈≈≈≈≈≈
≈≈≈≈≈≈≈≈≈≈≈≈≈≈≈≈≈≈≈≈≈
≈≈≈≈≈≈≈≈≈≈≈≈≈≈≈≈≈≈
≈≈≈≈≈≈≈≈≈≈≈≈≈≈≈
≈≈≈≈≈≈≈≈≈≈≈≈≈≈≈
≈≈≈≈≈≈≈≈≈≈≈≈≈≈≈
≈≈≈≈≈≈≈≈≈≈≈≈≈≈≈
###############


You could see a merfolk javelineer, a merfolk, a water nymph and a friendly iron
troll (berserk).

Vanquished Creatures
  Rupert (D:15)
  Polyphemus (Shoals:2)
  Frances (Shoals:1)
  11 nagarajas
  A minotaur (Gauntlet)
  Fannar (Lair:1)
  9 hydras
  2 rakshasas
  12 naga warriors
  5 anacondas
  2 ogre magi (Orc:2)
  A ghost crab (Gauntlet)
  A death knight (D:12)
  2 centaur warriors
  10 two-headed ogres
  3 death yaks (Shoals:2)
  A catoblepas (Gauntlet)
  An orc high priest (Orc:1)
  27 naga sharpshooters
  5 shock serpents
  A shock serpent (shapeshifter) (D:15)
  Sonja (Lair:2)
  A sixfirhy (Lair:6)
  A fire crab (shapeshifter) (D:15)
  3 sea snakes (Shoals:1)
  2 salamander mystics (Snake:4)
  3 skeletal warriors (D:15)
  A deep troll (Orc:2)
  2 wizards
  3 unseen horrors
  A glowing orange brain (D:15)
  9 naga ritualists
  A necromancer (IceCv)
  Pikel (D:4)
  A lindwurm (shapeshifter) (D:15)
  11 mana vipers
  An orc knight (D:13)
  3 deep elf magi (D:14)
  An oklob plant (Lair:4)
  4 cyclopes
  An ugly thing (D:15)
  7 salamanders
  7 manticores
  Joseph (D:7)
  5 guardian serpents
  6 ice statues
  4 gargoyles
  9 naga magi
  42 black mambas
  An orange demon (Lair:6)
  6 spiny frogs
  4 elephants
  A centaur skeleton (D:11)
  An efreet (D:13)
  A kobold demonologist (D:15)
  10 rime drakes
  6 ice devils (IceCv)
  9 komodo dragons
  2 freezing wraiths (D:12)
  13 trolls
  A hellwing (Abyss:3)
  2 merfolk (Shoals:1)
  3 wind drakes (Shoals:1)
  3 polar bears
  4 snapping turtles (Shoals:1)
  A wolf spider simulacrum (D:15)
  A hornet (D:9)
  A blink frog (shapeshifter) (D:15)
  18 blink frogs
  10 slime creatures
  A raiju (shapeshifter) (D:15)
  9 hippogriffs
  3 centaur simulacra
  A vampire (D:11)
  6 wyverns
  2 wraiths (D:12)
  A water elemental (D:15)
  45 yaks
  Grum (D:10)
  8 basilisks
  16 humans (D:13)
  11 vampire mosquitoes
  5 wargs
  3 insubstantial wisps (Lair:5)
  3 hungry ghosts
  Menkaure (D:6)
  62 nagas
  3 acid dragons
  11 water moccasins
  5 porcupines
  7 ice beasts
  A small abomination (Abyss:3)
  17 orc warriors
  A slave (D:4)
  5 sky beasts
  2 black bears
  4 eyes of draining
  20 ogres
  A necrophage (D:6)
  12 wolves
  9 centaurs
  17 crocodiles
  6 big kobolds
  19 bullfrogs
  A gnoll sergeant (D:5)
  2 wyvern skeletons
  A hornet simulacrum (D:12)
  3 scorpions
  14 killer bees
  5 wights (D:7)
  2 electric eels (Lair:1)
  8 crimson imps
  5 howler monkeys
  A bullfrog zombie (D:13)
  6 jellies
  A quasit (D:10)
  3 centaur zombies
  2 draconian simulacra (IceCv)
  9 hounds
  10 orc priests
  Crazy Yiuf (D:3)
  3 bullfrog skeletons
  4 iguanas
  23 orc wizards
  A spriggan simulacrum (IceCv)
  9 worker ants
  5 troll simulacra (IceCv)
  Robin (D:3)
  2 worker ant zombies
  3 gnolls (D:5)
  14 adders
  A naga simulacrum (IceCv)
  A shadow imp (D:11)
  7 white imps (D:15)
  4 ufetubi (D:15)
  An ooze (Lair:5)
  2 adder zombies
  An adder skeleton (D:8)
  2 worms
  A dart slug (D:1)
  3 leopard geckos
  93 orcs
  3 giant cockroaches
  18 hobgoblins
  4 jackals (D:3)
  14 kobolds
  7 quokkas
  A ball python (D:5)
  9 bats
  5 frilled lizards
  19 goblins
  A jackal zombie (D:8)
  7 rats
  9 fungi
  4 plants
1002 creatures vanquished.

Vanquished Creatures (collateral kills)
  2 naga sharpshooters (Snake:4)
  A deep troll (Orc:2)
  2 orange demons (Lair:6)
  A smoke demon (Lair:6)
  2 ice devils (Lair:6)
  4 hell hounds (Lair:6)
  2 ogres (Orc:2)
14 creatures vanquished.

Vanquished Creatures (others)
  A catoblepas (Shoals:2)
  A death yak (Shoals:2)
  2 elephants (Lair:5)
  2 nagas
  10 fungi
  4 plants
20 creatures vanquished.

Grand Total: 1036 creatures vanquished

Notes
Turn   | Place    | Note
-------+----------+-------------------------------------------
     0 | D:1      | Maize the Minotaur Berserker began the quest for the Orb.
     0 | D:1      | Reached XP level 1. HP: 19/19 MP: 0/0
   263 | D:1      | Reached XP level 2. HP: 24/27 MP: 1/1
   879 | D:2      | Reached ** piety under Trog
   985 | D:2      | Reached XP level 3. HP: 33/33 MP: 2/2
  1129 | D:2      | Found a deep blue altar of Sif Muna.
  1671 | D:3      | Reached XP level 4. HP: 29/40 MP: 3/3
  1717 | D:3      | Reached skill level 5 in Axes
  1984 | D:3      | Reached *** piety under Trog
  2042 | D:3      | Noticed Robin
  2060 | D:3      | Reached XP level 5. HP: 36/47 MP: 4/4
  2230 | D:3      | Killed Robin
  2346 | D:3      | You fall through a shaft for 2 floors!
  2346 | D:5      | Entered Level 5 of the Dungeon
  2506 | D:4      | Reached skill level 5 in Fighting
  2550 | D:4      | Reached XP level 6. HP: 30/56 MP: 5/5
  2868 | D:4      | Noticed a slave
  2869 | D:4      | Noticed a slave
  2878 | D:4      | Noticed Pikel
  2881 | D:4      | Noticed a slave
  2883 | D:4      | Killed a slave
  2883 | D:4      | Noticed a slave
  2889 | D:4      | Killed Pikel
  2889 | D:4      | Reached skill level 5 in Armour
  2889 | D:4      | Reached XP level 7. HP: 56/63 MP: 6/6
  2932 | D:3      | Found a runed translucent door.
  2933 | D:3      | Noticed Crazy Yiuf
  3055 | D:3      | Killed Crazy Yiuf
  3802 | D:5      | Reached XP level 8. HP: 71/71 MP: 7/7
  4143 | D:6      | Reached **** piety under Trog
  4157 | D:6      | Found a staircase to the Ecumenical Temple.
  4377 | D:6      | Found Bihikk's Jewellery Shop.
  4644 | D:6      | Noticed Menkaure
  4650 | D:6      | Killed Menkaure
  4940 | Temple   | Entered the Ecumenical Temple
  5040 | D:7      | Reached skill level 10 in Axes
  5106 | D:7      | Found the +10 Black Knight's horse barding {ponderous,
                  | rPois rN+}
  5152 | D:7      | Reached XP level 9. HP: 75/80 MP: 8/8
  5554 | D:7      | Noticed Joseph
  5567 | D:7      | Killed Joseph
  6243 | D:7      | Found a glowing golden altar of the Shining One.
  6243 | D:7      | Found a radiant altar of Vehumet.
  6248 | D:7      | Found a faded altar of an unknown god.
  6250 | D:7      | Found a faded altar of an unknown god.
  6251 | D:7      | Found a bloodstained altar of Trog.
  6655 | D:8      | Found a runed translucent door.
  6705 | D:8      | Reached ***** piety under Trog
  6945 | D:8      | Reached XP level 10. HP: 81/90 MP: 9/9
  7024 | D:8      | Found a runed translucent door.
  7777 | D:9      | Paralysed by a hornet for 1 turns
  7833 | D:9      | Reached skill level 10 in Fighting
  8034 | D:10     | Entered Level 10 of the Dungeon
  8224 | D:10     | Noticed Grum
  8231 | D:10     | Killed Grum
  8232 | D:10     | Reached skill level 10 in Armour
  8245 | D:10     | Identified the +9 spear of Forced Transition {pierce, rF+
                  | rC+ Int+3}
  8738 | D:10     | Noticed a gargoyle
  8748 | D:10     | Killed a gargoyle
  9160 | D:11     | Found a staircase to the Orcish Mines.
  9177 | D:11     | Reached XP level 11. HP: 95/100 MP: 10/10
  9250 | D:11     | Received a gift from Trog
  9253 | D:11     | Got a pitted scimitar {god gift}
  9254 | D:11     | Identified the +2 scimitar "Roitzada" {drain, rElec Dex+2}
                  | (Trog gifted it to you on level 11 of the Dungeon)
  9882 | D:11     | Found a staircase to the Lair.
 10286 | D:12     | Reached skill level 15 in Axes
 11172 | D:12     | Noticed a death knight
 11181 | D:12     | Killed a death knight
 11700 | Lair:1   | Entered Level 1 of the Lair of Beasts
 11746 | Lair:1   | Reached XP level 12. HP: 68/111 MP: 11/11
 12386 | Lair:1   | HP: 3/112 [electric eel/bolt of electricity (12)]
 13078 | Lair:1   | Noticed Fannar
 13100 | Lair:1   | Killed Fannar
 14129 | Lair:2   | Noticed Sonja
 14147 | Lair:2   | Killed Sonja
 14295 | Lair:2   | Noticed an eight-headed hydra
 14303 | Lair:2   | Killed a nine-headed hydra
 14900 | Lair:3   | Found a gate leading to a gauntlet.
 14909 | Gauntlet | Entered a Gauntlet
 14909 | Gauntlet | Found a transporter.
 14919 | Gauntlet | Found a transporter.
 14920 | Gauntlet | Found a transporter.
 14934 | Gauntlet | Found a transporter.
 14934 | Gauntlet | Noticed a catoblepas
 14936 | Gauntlet | Found a transporter.
 14940 | Gauntlet | Found a runed translucent door.
 14941 | Gauntlet | Noticed a ghost crab
 14945 | Gauntlet | Found a runed translucent door.
 14947 | Gauntlet | Found a transporter.
 14961 | Gauntlet | Found a runed translucent door.
 14963 | Gauntlet | Found a transporter.
 14965 | Gauntlet | Found a runed translucent door.
 14973 | Gauntlet | Found a transporter.
 14976 | Gauntlet | Noticed a dire elephant
 14983 | Gauntlet | Found a transporter.
 14991 | Gauntlet | Noticed a death scarab
 14991 | Gauntlet | Noticed a death scarab
 14993 | Gauntlet | Found a transporter.
 14993 | Gauntlet | Found a transporter.
 14995 | Gauntlet | Found a transporter.
 15107 | Gauntlet | Found a transporter.
 15152 | Gauntlet | Found a transporter.
 15257 | Gauntlet | Received a gift from Trog
 15443 | Gauntlet | Killed a catoblepas
 15503 | Gauntlet | Killed a ghost crab
 15509 | Gauntlet | Got a fine copper amulet
 15511 | Gauntlet | Identified the amulet "Kit Turu" {Gourm rPois rC- Str-5
                  | Dex+8} (You found it in a Gauntlet)
 15550 | Gauntlet | Noticed a minotaur
 15564 | Gauntlet | Killed a minotaur
 15583 | Gauntlet | Identified the Guide on Transformation
 15630 | Lair:3   | Found a staircase to the Shoals.
 15689 | Lair:3   | You fall through a shaft for 2 floors!
 15819 | Lair:5   | Noticed a five-headed hydra
 15826 | Lair:5   | Killed an eight-headed hydra
 15945 | Lair:5   | Reached XP level 13. HP: 122/122 MP: 12/12
 15947 | Lair:5   | Found a staircase to the Slime Pits.
 16749 | Lair:6   | Entered Level 6 of the Lair of Beasts
 17385 | Lair:6   | Found a burning altar of Makhleb.
 17760 | Lair:6   | Found a gateway to Hell.
 18052 | Lair:6   | Received a gift from Trog
 19091 | Lair:4   | Found a staircase to the Snake Pit.
 19336 | Lair:4   | You fall through a shaft for 2 floors!
 19508 | Lair:4   | Reached XP level 14. HP: 85/133 MP: 4/13
 20363 | Orc:1    | Entered Level 1 of the Orcish Mines
 20390 | Orc:1    | Found a burning altar of Makhleb.
 20529 | Orc:1    | Reached ****** piety under Trog
 20797 | Orc:1    | Received a gift from Trog
 21252 | Orc:2    | Entered Level 2 of the Orcish Mines
 21407 | Orc:2    | Found a roughly hewn altar of Beogh.
 21542 | Orc:2    | Found Vaufimiq's Food Boutique.
 21561 | Orc:2    | Found Fomo's General Store.
 21564 | Orc:2    | Reached skill level 15 in Fighting
 21578 | Orc:2    | Reached skill level 15 in Armour
 21925 | Orc:2    | Found Caesed's Magic Scroll Shoppe.
 21932 | Orc:2    | Bought a +1 pair of gloves for 126 gold pieces
 21932 | Orc:2    | Bought a potion of haste for 110 gold pieces
 21932 | Orc:2    | Bought a scroll of blinking for 82 gold pieces
 21934 | Orc:2    | Found Tepys's Gadget Shop.
 21991 | Orc:2    | Bought a scroll of summoning for 104 gold pieces
 21997 | Orc:2    | Bought a scroll of teleportation for 39 gold pieces
 21997 | Orc:2    | Bought a scroll of teleportation for 39 gold pieces
 21997 | Orc:2    | Bought a scroll of identify for 26 gold pieces
 21997 | Orc:2    | Bought a scroll of identify for 26 gold pieces
 21997 | Orc:2    | Bought a scroll of identify for 26 gold pieces
 22002 | Orc:2    | Bought a wand of digging (6) for 280 gold pieces
 22002 | Orc:2    | Identified a scroll of acquirement
 22043 | Orc:2    | Found a staircase to the Elven Halls.
 22131 | Orc:2    | Found a roughly hewn altar of Beogh.
 22182 | Orc:2    | Found Lugyuvun's General Store.
 22191 | Orc:2    | Bought a +2 pair of gloves for 214 gold pieces
 22191 | Orc:2    | Bought a potion of curing for 39 gold pieces
 23102 | D:13     | Found a gate to the Vaults.
 23115 | D:13     | Received a gift from Trog
 23115 | D:13     | Reached skill level 1 in Evocations
 23738 | D:14     | Cast into level 3 of the Abyss (rakshasa)
 23800 | Abyss:3  | Noticed a starcursed mass
 23880 | Abyss:3  | Noticed a bone dragon
 23957 | D:14     | Escaped the Abyss
 24340 | D:14     | Found a flickering gateway to a bazaar.
 24346 | Bazaar   | Entered a bazaar
 24346 | Bazaar   | Found Gustrih's Armour Boutique.
 24346 | Bazaar   | Found Ufoijei's Gadget Shoppe.
 24346 | Bazaar   | Found Zuchiong's Antique Armour Shop.
 24346 | Bazaar   | Found Voppueme's Jewellery Shoppe.
 24348 | Bazaar   | Found Ligac's Distillery.
 24391 | Bazaar   | Bought a +2 pair of gloves of strength for 258 gold pieces
 24391 | Bazaar   | Bought the +1 pair of boots of Zalakaba {Str+7} for 374
                  | gold pieces
 24428 | Bazaar   | Bought the ring "Nuhaan" {rC++ EV+2 Str-4} for 495 gold
                  | pieces
 24446 | Bazaar   | Bought a potion of cancellation for 104 gold pieces
 24446 | Bazaar   | Bought a potion of curing for 39 gold pieces
 24446 | Bazaar   | Bought a potion of curing for 39 gold pieces
 24446 | Bazaar   | Bought a potion of mutation for 104 gold pieces
 24446 | Bazaar   | Bought a potion of heal wounds for 65 gold pieces
 24446 | Bazaar   | Bought a potion of curing for 39 gold pieces
 24446 | Bazaar   | Bought a potion of might for 52 gold pieces
 24446 | Bazaar   | Bought a potion of might for 52 gold pieces
 24519 | D:14     | Reached XP level 15. HP: 143/143 MP: 5/16
 25135 | D:14     | Received a gift from Trog
 25283 | D:14     | Found Gayteem's Armour Boutique.
 25385 | D:15     | Entered Level 15 of the Dungeon
 25814 | D:15     | Found a frozen archway.
 25834 | IceCv    | Entered an ice cave
 25874 | IceCv    | Reached skill level 5 in Evocations
 26130 | IceCv    | Got a slimy morningstar
 26131 | IceCv    | Identified the +4 morningstar of Parts Unknown {speed,
                  | -Tele rPois rC++} (You found it in an ice cave)
 26216 | D:15     | Noticed Rupert
 26239 | D:15     | Killed Rupert
 26898 | D:15     | Found a staircase to the Depths.
 27568 | Snake:1  | Entered Level 1 of the Snake Pit
 27570 | Snake:1  | Found Hymmie Iqow's Gadget Emporium.
 27737 | Snake:1  | Got a twisted hat
 27748 | Snake:1  | Identified the +0 hat of Rinoe {MR+} (You acquired it on
                  | level 1 of the Snake Pit)
 27768 | Snake:1  | Found Futielu's Distillery.
 27776 | Snake:1  | Bought a potion of curing for 36 gold pieces
 27776 | Snake:1  | Bought a potion of mutation for 96 gold pieces
 27776 | Snake:1  | Bought a potion of heal wounds for 60 gold pieces
 27776 | Snake:1  | Bought a potion of mutation for 96 gold pieces
 27776 | Snake:1  | Bought a potion of mutation for 96 gold pieces
 27776 | Snake:1  | Gained mutation: Scrolls take you a little longer to read.
                  | [potion of mutation]
 27776 | Snake:1  | Gained mutation: You have a beak for a mouth. [potion of
                  | mutation]
 27777 | Snake:1  | Lost mutation: Scrolls take you a little longer to read.
                  | [potion of mutation]
 27777 | Snake:1  | Lost mutation: You have a beak for a mouth. [potion of
                  | mutation]
 27777 | Snake:1  | Gained mutation: Your magical capacity is low. (-10% MP)
                  | [potion of mutation]
 27777 | Snake:1  | Gained mutation: You evolve. [potion of mutation]
 27798 | Snake:1  | Found Hadgha Xuiz's Food Shop.
 27804 | Snake:1  | Lost mutation: Your magical capacity is low. (-10% MP)
                  | [evolution]
 27858 | Snake:1  | Found a basalt altar of Yredelemnul.
 27912 | Snake:1  | Found Avepraun's Gadget Boutique.
 27923 | Snake:1  | Received a gift from Trog
 28008 | Snake:1  | Found Jucis's General Store.
 28036 | Snake:1  | Bought a scroll of magic mapping for 35 gold pieces
 28036 | Snake:1  | Bought a scroll of teleportation for 30 gold pieces
 28036 | Snake:1  | Bought a scroll of magic mapping for 35 gold pieces
 28868 | Snake:2  | Reached XP level 16. HP: 119/157 MP: 6/19
 29273 | Snake:2  | Found Cittipti's Assorted Antiques.
 29275 | Snake:2  | Found Vedad's Gadget Boutique.
 29277 | Snake:2  | Found Ubopn's Food Shop.
 29781 | Snake:3  | Received a gift from Trog
 32276 | Snake:4  | Entered Level 4 of the Snake Pit
 34130 | Snake:3  | Gained mutation: You are robust. (+10% HP) [evolution]
 34515 | Snake:4  | Reached XP level 17. HP: 181/187 MP: 7/22
 35953 | Snake:4  | Received a gift from Trog
 35968 | Snake:4  | Got a serpentine rune of Zot
 37079 | Shoals:1 | Entered Level 1 of the Shoals
 37215 | Shoals:1 | Noticed Frances
 37235 | Shoals:1 | Killed Frances
 37944 | Shoals:2 | Noticed Polyphemus
 37967 | Shoals:1 | Gained mutation: You are partially covered in yellow
                  | scales. (AC +2) [evolution]
 38114 | Shoals:2 | Killed Polyphemus
 38119 | Shoals:2 | HP: 3/189 [water nymph/the raging water (35)]
 38122 | Shoals:2 | Killed from afar by a water nymph

Vault maps used:
D:1:      dpeg_arrival_tiny_i, minivault_27
D:2:      overflow_temple_1_default
D:3:      uniq_robin, uniq_crazy_yiuf_cottage
D:4:      uniq_pikel
D:5:      first_ration
D:6:      wander_river, minmay_temple_entry_mini_moons, serial_shops, shop,
          uniq_menkaure
D:7:      chequers_temple_overflow_minitemple, grunt_ogre_cave, uniq_joseph
D:8:      cheibrodos_histonic
D:10:     uniq_grum
D:11:     erik_lair_dragon, orc_0_dummy
D:13:     david_vaults_3, minmay_misc_feat_diagonals
D:14:     serial_shops, bzr_entry_dummy, shop, nrook_campfire
D:15:     gammafunk_enter_depths_forms, serial_ice, serial_ice_f, serial_ice_d,
          serial_ice_h, serial_ice_l, serial_ice_g, serial_ice_a, serial_ice_o,
          serial_ice_e, serial_ice_c, serial_ice_m, portal_ice_cave_rime,
          uniq_rupert
Temple:   compressed_dpeg_circular_temple
Lair:1:   serial_bayou_shore_a, grunt_megastairs_4, uniq_fannar
Lair:2:   lemuel_fruit_tree, uniq_sonja
Lair:3:   elwin_shoals_entry_rocks, gauntlet_entry_generic
Lair:4:   minmay_snake_entry_spellcaster, dpeg_stationary_puzzle
Lair:5:   nicolae_slime_entry_slimehenge, pond, serial_bayou_shore_b
Lair:6:   evil_forest
Shoals:1: overgrown_tower, uniq_frances
Shoals:2: gammafunk_ghost_tricky_traps, uniq_polyphemus
Snake:1:  basic_altar, serial_shops, shop_coins, shop, nicolae_shop_waterfront,
          shop, nicolae_shop_statue_plus
Snake:2:  minmay_shop_star
Snake:4:  johnstein_snake_rune_scales
Orc:1:    minmay_goldmine, basic_altar
Orc:2:    st_orc_open, basic_altar, serial_shops, shop, mines1_david
Abyss:3:  gammafunk_abyss_rune_reverse_zot
Bazaar:   bazaar_minmay_generic_island
IceCv:    ice_cave_tombish
Gauntlet: minmay_gauntlet_77_tree

Skill      XL: |  1  2  3  4  5  6  7  8  9 10 11 12 13 14 15 16 17 |
---------------+----------------------------------------------------+-----
Axes           | 4 5 6 7 8 10 12 14 15 17 19 20 | 20.6
Fighting       | 4 5 6 7 9 10 12 13 14 15 17 19 20 | 20.7
Armour         | 3 4 5 6 7 9 10 11 13 14 15 16 17 18 | 18.6
Evocations     | 3 6 8 9 |  9.7
Dodging        | |  2.4

Action                   |  1- 3 |  4- 6 |  7- 9 | 10-12 | 13-15 | 16-18 || total
-------------------------+-------+-------+-------+-------+-------+-------++-------
Melee: Hand axe          |    74 |    33 |       |       |       |       ||   107
       Headbutt          |     7 |    15 |    48 |   152 |   298 |   193 ||   713
       War axe           |       |    61 |   235 |   622 |       |       ||   918
       Broad axe         |       |       |       |    16 |   183 |       ||   199
       Battleaxe         |       |       |       |       |   783 |   488 ||  1271
       Executioner's axe |       |       |       |       |       |   129 ||   129
Invok: Berserk           |       |     1 |     4 |    14 |    11 |     5 ||    35
       Brothers in Arms  |       |       |       |       |     2 |     3 ||     5
       Trog's Hand       |       |       |       |       |     2 |     1 ||     3
Evoke: Wand              |       |       |       |     3 |     2 |       ||     5
  Use: Scroll            |       |       |       |    14 |    17 |     4 ||    35
       Potion            |       |       |       |     1 |     6 |     1 ||     8
  Eat: Chunk             |     2 |     5 |    13 |    36 |    61 |    20 ||   137
       Ration            |       |       |     1 |     5 |       |     4 ||    10
Armor: Animal skin       |    10 |     7 |       |       |       |       ||    17
       Scale mail        |       |    36 |       |       |       |       ||    36
       Plate armour      |       |       |   124 |    16 |   661 |   333 ||  1134
       Pearl dragon scal |       |       |    27 |   319 |       |       ||   346
Dodge: Dodged            |    52 |    63 |   110 |   343 |   461 |   390 ||  1419
       Deflected         |       |       |       |     5 |    37 |   124 ||   166

Table legend:
 A = Non-vault XP
 B = Vault XP
 C = Vault XP percentage of total XP
 D = Non-vault monster count
 E = Vault monster count
 F = Vault count percentage of total count
                 A         B        C        D         E       F
            +---------+---------+-------+---------+---------+-------
      Total |  157114 |  110635 |  41.3 |     712 |     294 |  29.2
            +---------+---------+-------+---------+---------+-------
        D:1 |      37 |       0 |   0.0 |      21 |       0 |   0.0
        D:2 |      46 |       0 |   0.0 |      21 |       0 |   0.0
        D:3 |     157 |      76 |  32.6 |      37 |      13 |  26.0
        D:4 |     120 |     617 |  83.7 |       9 |       1 |  10.0
        D:5 |     404 |       0 |   0.0 |      16 |       0 |   0.0
        D:6 |     551 |     165 |  23.0 |      12 |       1 |   7.7
        D:7 |    1607 |     623 |  27.9 |      35 |       2 |   5.4
        D:8 |     737 |    1414 |  65.7 |      11 |      15 |  57.7
        D:9 |    1375 |       0 |   0.0 |      30 |       0 |   0.0
       D:10 |    2097 |     433 |  17.1 |      29 |       3 |   9.4
       D:11 |    3335 |    1218 |  26.8 |      25 |       6 |  19.4
       D:12 |    5930 |       0 |   0.0 |      36 |       0 |   0.0
       D:13 |    6140 |    6527 |  51.5 |      23 |      20 |  46.5
       D:14 |    8134 |       0 |   0.0 |      28 |       0 |   0.0
       D:15 |    8726 |   11147 |  56.1 |      34 |      34 |  50.0
     Lair:1 |    2545 |    1567 |  38.1 |      13 |       3 |  18.8
     Lair:2 |    5628 |     802 |  12.5 |      26 |       1 |   3.7
     Lair:3 |    3656 |       0 |   0.0 |      14 |       0 |   0.0
     Lair:4 |    5104 |    1027 |  16.8 |      16 |       2 |  11.1
     Lair:5 |    4690 |    1929 |  29.1 |      14 |      15 |  51.7
     Lair:6 |    9508 |    8408 |  46.9 |      43 |      26 |  37.7
   Shoals:1 |    6924 |    2272 |  24.7 |      17 |       1 |   5.6
   Shoals:2 |       0 |    5857 | 100.0 |       0 |       6 | 100.0
    Snake:1 |   11589 |       0 |   0.0 |      23 |       0 |   0.0
    Snake:2 |   20296 |       0 |   0.0 |      38 |       0 |   0.0
    Snake:3 |   15979 |    2384 |  13.0 |      30 |       2 |   6.2
    Snake:4 |   24694 |   39346 |  61.4 |      44 |      67 |  60.4
      Orc:1 |    3947 |      74 |   1.8 |      46 |      11 |  19.3
      Orc:2 |    1641 |   15143 |  90.2 |      15 |      37 |  71.2
    Abyss:3 |    1517 |       0 |   0.0 |       6 |       0 |   0.0
      IceCv |       0 |    5245 | 100.0 |       0 |      22 | 100.0
   Gauntlet |       0 |    4361 | 100.0 |       0 |       6 | 100.0
            +---------+---------+-------+---------+---------+-------
